[ PARTIDA AOE2 · #470951234 ]
UnrankedMaya vs Dravidians
Equipo del jugador · DERR
[ ANÁLISIS DE REPETICIÓN · EXTRAÍDO DE LA PARTIDA GRABADA ]
Feudal
13:31
Castillos
17:20
Imperial
36:43
| APM promedio | 55.4 |
| APM pico | 103 |
| eAPM promedio | 30.6 |
| Aldeanos / militares | 244 / 309 |
Foco
⚔️ 48.0% · 🌾 52.0%
Plumed Archer ×155 · Eagle Scout ×120 · Battering Ram ×21 · Trebuchet (Packed) ×10 · Fishing Ship ×9 · Monk ×2
Feudal
12:35
Castillos
21:48
Imperial
34:00
| APM promedio | 30.6 |
| APM pico | 81 |
| eAPM promedio | 14.1 |
| Aldeanos / militares | 152 / 120 |
Foco
⚔️ 34.7% · 🌾 65.3%
Spearman ×73 · Fishing Ship ×37 · Archer ×27 · Hand Cannoneer ×17 · Unknown (2626) ×9 · Demolition Raft ×2
Feudal
13:06
Castillos
30:42
Imperial
48:39
| APM promedio | 43.6 |
| APM pico | 97 |
| eAPM promedio | 29.5 |
| Aldeanos / militares | 235 / 352 |
Foco
⚔️ 37.8% · 🌾 62.2%
Scout Cavalry ×298 · Knight ×51 · Fishing Ship ×12 · Trade Cart ×11 · Archer ×3
Feudal
13:56
Castillos
18:21
Imperial
—
| APM promedio | 27.8 |
| APM pico | 77 |
| eAPM promedio | 16.4 |
| Aldeanos / militares | 123 / 42 |
Foco
⚔️ 35.7% · 🌾 64.3%
War Wagon ×34 · Fishing Ship ×17 · Fire Galley ×4 · Iron Pagoda ×3 · Battering Ram ×1
Feudal
14:08
Castillos
18:53
Imperial
46:44
| APM promedio | 28.7 |
| APM pico | 63 |
| eAPM promedio | 19.4 |
| Aldeanos / militares | 266 / 113 |
Foco
⚔️ 26.8% · 🌾 73.2%
Cavalry Archer ×73 · Samurai ×28 · Fishing Ship ×15 · Trade Cog ×12 · Battering Ram ×5 · Monk ×3
Feudal
13:16
Castillos
16:57
Imperial
32:23
| APM promedio | 55.8 |
| APM pico | 115 |
| eAPM promedio | 30.5 |
| Aldeanos / militares | 266 / 402 |
Foco
⚔️ 44.9% · 🌾 55.1%
Hand Cannoneer ×189 · Skirmisher ×154 · Cavalry Archer ×34 · Fishing Ship ×13 · Conquistador ×11 · Bombard Cannon ×7
Feudal
13:29
Castillos
17:32
Imperial
29:47
| APM promedio | 37.5 |
| APM pico | 81 |
| eAPM promedio | 28.6 |
| Aldeanos / militares | 280 / 295 |
Foco
⚔️ 35.0% · 🌾 65.0%
Eagle Scout ×240 · Monk ×26 · Battering Ram ×20 · Fishing Ship ×19 · Trebuchet (Packed) ×6 · Spearman ×2
Feudal
13:23
Castillos
17:20
Imperial
37:41
| APM promedio | 52.0 |
| APM pico | 99 |
| eAPM promedio | 30.0 |
| Aldeanos / militares | 182 / 178 |
Foco
⚔️ 39.1% · 🌾 60.9%
Unknown (2562) ×128 · Unknown (2550) ×92 · Petard ×87 · Skirmisher ×46 · Spearman ×32 · Trebuchet (Packed) ×13
Mapa de la partida
Recursos iniciales + cada clic de construcción. Líneas = muros · curvas = relieve. ◆ oro · ⬟ piedra · ● bayas · ✦ reliquia · ◌ hueco del cierre
Tu base· Abierta — flanco sin cerrar
Base de [CL] FARFANA· Abierta — hueco de 5t
Base de _73_TruenoTierra_Arg· Abierta — hueco de 13t
Base de Dr. Freezer· Abierta — hueco de 13t
Base de __35_Kingpin_Arg· Abierta — flanco sin cerrar
Base de Gojo· Abierta — hueco de 5t
Base de __97_Unknown_Arg· Abierta — flanco sin cerrar
Base de [CL]Jupy· Abierta — hueco de 4t
Terreno inicial suavizado · ◌ = hueco del cierre detectado · pasá el cursor para detalles
Inputs por minuto
— __09_WAIRO_Arg - - [CL] FARFANA
Build order — __09_WAIRO_Arg
Primeras 150 de 820 acciones detectadas
| 0:28 | Construir | Town Center |
| 0:43 | Construir | Dock |
| 0:44 | Construir | House |
| 1:56 | Construir | Palisade Wall |
| 1:57 | Construir | Palisade Wall |
| 2:49 | Crear | Villager (Male) |
| 2:50 | Crear | Villager (Male) |
| 2:50 | Crear | Villager (Male) |
| 2:50 | Crear | Villager (Male) |
| 4:01 | Crear | Fishing Ship |
| 4:01 | Crear | Fishing Ship |
| 4:05 | Crear | Villager (Male) |
| 4:05 | Crear | Villager (Male) |
| 4:40 | Crear | Villager (Male) |
| 4:40 | Investigar | Loom |
| 4:47 | Construir | House |
| 5:00 | Investigar | Loom |
| 5:20 | Crear | Fishing Ship |
| 5:20 | Crear | Fishing Ship |
| 5:21 | Crear | Villager (Male) |
| 5:47 | Crear | Villager (Male) |
| 5:47 | Crear | Villager (Male) |
| 6:02 | Crear | Fishing Ship |
| 6:18 | Construir | House |
| 6:20 | Crear | Villager (Male) |
| 6:20 | Crear | Villager (Male) |
| 6:43 | Crear | Villager (Male) |
| 6:44 | Crear | Villager (Male) |
| 7:04 | Construir | House |
| 7:05 | Crear | Villager (Male) |
| 7:11 | Construir | House |
| 7:13 | Construir | House |
| 7:30 | Crear | Villager (Male) |
| 7:31 | Crear | Villager (Male) |
| 7:31 | Crear | Villager (Male) |
| 7:32 | Crear | Fishing Ship |
| 7:51 | Construir | Palisade Wall |
| 7:51 | Construir | Palisade Wall |
| 8:05 | Crear | Villager (Male) |
| 8:16 | Crear | Fishing Ship |
| 8:34 | Crear | Villager (Male) |
| 8:35 | Crear | Villager (Male) |
| 8:38 | Construir | House |
| 8:40 | Crear | Villager (Male) |
| 8:40 | Crear | Villager (Male) |
| 8:45 | Crear | Villager (Male) |
| 9:00 | Construir | Palisade Wall |
| 9:07 | Crear | Fishing Ship |
| 9:07 | Crear | Fishing Ship |
| 9:14 | Crear | Villager (Male) |
| 9:15 | Crear | Villager (Male) |
| 9:28 | Construir | Palisade Wall |
| 9:31 | Construir | Palisade Wall |
| 9:41 | Crear | Villager (Male) |
| 9:53 | Construir | House |
| 10:15 | Construir | Lumber Camp |
| 10:25 | Crear | Villager (Male) |
| 10:37 | Construir | Palisade Wall |
| 11:06 | Construir | Mill |
| 11:16 | Investigar | Feudal Age |
| 11:54 | Construir | House |
| 12:37 | Construir | Mining Camp |
| 13:12 | Crear | Villager (Male) |
| 13:31 | Edad | Edad Feudal |
| 13:37 | Construir | Market |
| 13:58 | Crear | Villager (Male) |
| 14:01 | Construir | Blacksmith |
| 14:25 | Investigar | Double-Bit Axe |
| 14:31 | Construir | House |
| 14:40 | Investigar | Castle Age |
| 15:01 | Construir | House |
| 15:02 | Construir | Palisade Wall |
| 15:38 | Construir | Dock |
| 16:23 | Investigar | Gold Mining |
| 16:25 | Investigar | Horse Collar |
| 16:26 | Investigar | Fletching |
| 16:27 | Investigar | Fletching |
| 17:14 | Crear | Villager (Male) |
| 17:20 | Edad | Edad de los Castillos |
| 17:30 | Construir | Castle |
| 17:32 | Crear | Villager (Male) |
| 17:43 | Crear | Villager (Male) |
| 17:44 | Crear | Villager (Male) |
| 17:49 | Investigar | Bow Saw |
| 17:49 | Investigar | Bow Saw |
| 18:23 | Crear | Villager (Male) |
| 18:43 | Construir | Town Center |
| 18:45 | Crear | Plumed Archer |
| 18:46 | Crear | Plumed Archer |
| 18:48 | Crear | Villager (Male) |
| 19:02 | Crear | Villager (Male) |
| 19:03 | Crear | Plumed Archer |
| 19:21 | Crear | Plumed Archer |
| 19:22 | Crear | Villager (Male) |
| 19:31 | Crear | Villager (Male) |
| 19:52 | Construir | Town Center |
| 19:58 | Crear | Plumed Archer |
| 19:58 | Crear | Plumed Archer |
| 19:59 | Crear | Villager (Male) |
| 19:59 | Crear | Villager (Male) |
| 20:12 | Crear | Plumed Archer |
| 20:12 | Crear | Plumed Archer |
| 20:13 | Crear | Villager (Male) |
| 20:33 | Crear | Villager (Male) |
| 20:39 | Crear | Plumed Archer |
| 20:41 | Crear | Villager (Male) |
| 20:41 | Crear | Villager (Male) |
| 20:47 | Construir | Farm |
| 20:48 | Construir | Farm |
| 20:51 | Construir | Farm |
| 20:51 | Crear | Villager (Male) |
| 20:52 | Crear | Plumed Archer |
| 20:52 | Crear | Plumed Archer |
| 21:09 | Crear | Plumed Archer |
| 21:09 | Crear | Villager (Male) |
| 21:10 | Crear | Villager (Male) |
| 21:41 | Crear | Villager (Male) |
| 21:41 | Crear | Villager (Male) |
| 21:41 | Crear | Villager (Male) |
| 21:43 | Construir | Monastery |
| 21:46 | Crear | Villager (Male) |
| 21:47 | Crear | Villager (Male) |
| 21:53 | Crear | Plumed Archer |
| 21:53 | Crear | Plumed Archer |
| 22:04 | Investigar | Bodkin Arrow |
| 22:04 | Investigar | Bodkin Arrow |
| 22:11 | Crear | Villager (Male) |
| 22:25 | Construir | Farm |
| 22:27 | Construir | Farm |
| 22:29 | Construir | Farm |
| 22:29 | Crear | Villager (Male) |
| 22:30 | Crear | Villager (Male) |
| 22:34 | Construir | Stone Wall |
| 22:37 | Crear | Plumed Archer |
| 22:38 | Crear | Plumed Archer |
| 22:43 | Construir | Stone Wall |
| 22:44 | Crear | Villager (Male) |
| 22:45 | Crear | Villager (Male) |
| 22:49 | Construir | Stone Wall |
| 22:52 | Crear | Plumed Archer |
| 23:06 | Crear | Villager (Male) |
| 23:06 | Crear | Villager (Male) |
| 23:06 | Crear | Villager (Male) |
| 23:07 | Crear | Villager (Male) |
| 23:09 | Crear | Villager (Male) |
| 23:10 | Crear | Villager (Male) |
| 23:32 | Crear | Monk |
| 23:37 | Crear | Villager (Male) |
| 23:37 | Crear | Villager (Male) |
| 23:37 | Crear | Villager (Male) |
Build order — [CL] FARFANA
Primeras 150 de 495 acciones detectadas
| 0:03 | Construir | Town Center |
| 0:24 | Construir | Dock |
| 2:29 | Crear | Villager (Male) |
| 2:29 | Crear | Villager (Male) |
| 2:30 | Crear | Villager (Male) |
| 2:30 | Crear | Villager (Male) |
| 2:31 | Crear | Villager (Male) |
| 3:10 | Crear | Fishing Ship |
| 3:10 | Crear | Fishing Ship |
| 3:41 | Crear | Villager (Male) |
| 4:06 | Construir | House |
| 4:43 | Investigar | Loom |
| 4:49 | Crear | Fishing Ship |
| 4:49 | Crear | Fishing Ship |
| 5:06 | Crear | Villager (Male) |
| 5:06 | Crear | Villager (Male) |
| 5:37 | Crear | Villager (Male) |
| 5:37 | Crear | Villager (Male) |
| 5:43 | Crear | Fishing Ship |
| 5:43 | Crear | Fishing Ship |
| 5:52 | Construir | House |
| 6:22 | Crear | Villager (Male) |
| 6:22 | Crear | Villager (Male) |
| 6:22 | Crear | Villager (Male) |
| 6:44 | Crear | Villager (Male) |
| 7:00 | Crear | Fishing Ship |
| 7:10 | Crear | Villager (Male) |
| 7:38 | Crear | Fishing Ship |
| 7:41 | Crear | Villager (Male) |
| 7:46 | Crear | Villager (Male) |
| 7:48 | Crear | Fishing Ship |
| 7:58 | Construir | House |
| 8:35 | Crear | Villager (Male) |
| 8:52 | Crear | Villager (Male) |
| 9:29 | Construir | Mining Camp |
| 9:35 | Crear | Villager (Male) |
| 10:25 | Investigar | Feudal Age |
| 11:30 | Construir | Dock |
| 11:53 | Crear | Fishing Ship |
| 11:54 | Crear | Fishing Ship |
| 11:55 | Crear | Fishing Ship |
| 11:56 | Crear | Fishing Ship |
| 11:56 | Crear | Fishing Ship |
| 12:05 | Construir | Lumber Camp |
| 12:27 | Construir | Dock |
| 12:35 | Edad | Edad Feudal |
| 12:39 | Crear | Villager (Male) |
| 12:47 | Crear | Unit 2626 |
| 12:47 | Crear | Unit 2626 |
| 12:59 | Crear | Villager (Male) |
| 13:03 | Investigar | Double-Bit Axe |
| 13:16 | Crear | Villager (Male) |
| 13:24 | Crear | Unit 2626 |
| 13:26 | Crear | Unit 2626 |
| 13:26 | Crear | Unit 2626 |
| 13:27 | Crear | Unit 2626 |
| 13:32 | Crear | Villager (Male) |
| 13:46 | Construir | House |
| 13:47 | Construir | House |
| 13:48 | Construir | House |
| 13:56 | Crear | Villager (Male) |
| 14:13 | Crear | Villager (Male) |
| 14:50 | Crear | Villager (Male) |
| 14:53 | Crear | Unit 2626 |
| 14:54 | Crear | Unit 2626 |
| 14:54 | Crear | Unit 2626 |
| 14:56 | Crear | Villager (Male) |
| 15:24 | Construir | Mill |
| 15:28 | Construir | House |
| 15:48 | Crear | Villager (Male) |
| 16:06 | Crear | Demolition Raft |
| 16:06 | Crear | Demolition Raft |
| 16:13 | Crear | Fishing Ship |
| 16:13 | Crear | Fishing Ship |
| 16:13 | Crear | Fishing Ship |
| 16:23 | Crear | Villager (Male) |
| 17:50 | Crear | Villager (Male) |
| 17:51 | Crear | Villager (Male) |
| 17:59 | Construir | Blacksmith |
| 18:02 | Construir | Market |
| 18:10 | Construir | Farm |
| 18:10 | Construir | Farm |
| 18:12 | Construir | Farm |
| 18:27 | Crear | Villager (Male) |
| 18:37 | Crear | Fishing Ship |
| 18:37 | Crear | Fishing Ship |
| 18:38 | Crear | Fishing Ship |
| 18:38 | Crear | Fishing Ship |
| 18:38 | Crear | Fishing Ship |
| 18:44 | Crear | Villager (Male) |
| 19:05 | Investigar | Castle Age |
| 19:22 | Crear | Fishing Ship |
| 19:22 | Crear | Fishing Ship |
| 19:22 | Crear | Fishing Ship |
| 20:33 | Construir | Barracks |
| 20:38 | Investigar | Fletching |
| 20:39 | Investigar | Padded Archer Armor |
| 21:33 | Construir | Archery Range |
| 21:48 | Edad | Edad de los Castillos |
| 21:52 | Construir | Town Center |
| 22:07 | Construir | Town Center |
| 22:13 | Investigar | Bodkin Arrow |
| 22:15 | Crear | Villager (Male) |
| 22:23 | Construir | Archery Range |
| 22:45 | Investigar | Crossbowman (upgrade) |
| 22:50 | Crear | Villager (Male) |
| 22:57 | Construir | House |
| 22:58 | Construir | House |
| 22:59 | Construir | House |
| 23:09 | Construir | Lumber Camp |
| 23:12 | Crear | Villager (Male) |
| 23:12 | Crear | Villager (Male) |
| 23:18 | Crear | Archer |
| 23:19 | Crear | Archer |
| 23:22 | Crear | Villager (Male) |
| 23:22 | Crear | Villager (Male) |
| 23:30 | Crear | Archer |
| 23:31 | Crear | Archer |
| 23:36 | Investigar | Leather Archer Armor |
| 23:51 | Construir | Lumber Camp |
| 23:53 | Crear | Archer |
| 23:53 | Crear | Archer |
| 23:59 | Construir | Farm |
| 24:01 | Crear | Villager (Male) |
| 24:02 | Crear | Villager (Male) |
| 24:04 | Crear | Archer |
| 24:04 | Crear | Archer |
| 24:13 | Crear | Archer |
| 24:13 | Crear | Archer |
| 24:15 | Crear | Villager (Male) |
| 24:16 | Crear | Villager (Male) |
| 24:18 | Crear | Villager (Male) |
| 24:19 | Crear | Villager (Male) |
| 24:21 | Crear | Archer |
| 24:21 | Crear | Archer |
| 24:21 | Crear | Archer |
| 24:29 | Crear | Villager (Male) |
| 24:32 | Construir | House |
| 24:33 | Construir | House |
| 24:35 | Construir | House |
| 24:36 | Construir | House |
| 24:42 | Crear | Archer |
| 24:43 | Crear | Archer |
| 24:49 | Construir | Farm |
| 24:55 | Crear | Villager (Male) |
| 24:56 | Crear | Villager (Male) |
| 25:00 | Crear | Archer |
| 25:00 | Crear | Archer |
| 25:08 | Crear | Villager (Male) |
| 25:14 | Investigar | Tech 906 |
Build order — _73_TruenoTierra_Arg
Primeras 150 de 890 acciones detectadas
| 0:23 | Construir | Town Center |
| 2:34 | Crear | Villager (Male) |
| 2:35 | Crear | Villager (Male) |
| 2:35 | Crear | Villager (Male) |
| 2:35 | Crear | Villager (Male) |
| 2:35 | Crear | Villager (Male) |
| 3:38 | Crear | Villager (Male) |
| 3:39 | Crear | Villager (Male) |
| 4:25 | Construir | Dock |
| 4:31 | Crear | Villager (Male) |
| 4:31 | Crear | Villager (Male) |
| 5:19 | Crear | Villager (Male) |
| 5:19 | Crear | Villager (Male) |
| 5:21 | Crear | Fishing Ship |
| 5:37 | Investigar | Loom |
| 5:57 | Crear | Fishing Ship |
| 5:57 | Crear | Fishing Ship |
| 6:07 | Crear | Villager (Male) |
| 6:08 | Crear | Villager (Male) |
| 6:34 | Crear | Villager (Male) |
| 6:35 | Crear | Villager (Male) |
| 6:45 | Crear | Villager (Male) |
| 6:46 | Crear | Villager (Male) |
| 7:02 | Crear | Fishing Ship |
| 7:28 | Crear | Villager (Male) |
| 7:29 | Crear | Villager (Male) |
| 7:34 | Crear | Villager (Male) |
| 7:34 | Crear | Villager (Male) |
| 7:46 | Crear | Villager (Male) |
| 8:07 | Crear | Villager (Male) |
| 8:07 | Crear | Villager (Male) |
| 8:09 | Crear | Fishing Ship |
| 8:10 | Crear | Fishing Ship |
| 8:25 | Crear | Fishing Ship |
| 8:25 | Crear | Fishing Ship |
| 8:47 | Crear | Villager (Male) |
| 9:04 | Crear | Fishing Ship |
| 9:24 | Crear | Villager (Male) |
| 9:25 | Crear | Villager (Male) |
| 9:36 | Crear | Villager (Male) |
| 9:36 | Crear | Villager (Male) |
| 9:58 | Crear | Villager (Male) |
| 10:09 | Construir | Mill |
| 10:20 | Crear | Fishing Ship |
| 10:56 | Investigar | Feudal Age |
| 11:28 | Construir | Barracks |
| 11:40 | Crear | Fishing Ship |
| 11:40 | Crear | Fishing Ship |
| 12:20 | Crear | Villager (Male) |
| 12:35 | Construir | Dock |
| 13:06 | Edad | Edad Feudal |
| 13:08 | Construir | Stable |
| 13:08 | Crear | Villager (Male) |
| 13:09 | Crear | Villager (Male) |
| 13:13 | Investigar | Horse Collar |
| 13:13 | Investigar | Horse Collar |
| 13:20 | Construir | Lumber Camp |
| 13:25 | Crear | Villager (Male) |
| 13:38 | Crear | Villager (Male) |
| 13:43 | Crear | Villager (Male) |
| 13:43 | Crear | Villager (Male) |
| 13:44 | Crear | Villager (Male) |
| 13:44 | Crear | Villager (Male) |
| 13:44 | Crear | Villager (Male) |
| 13:45 | Crear | Villager (Male) |
| 13:49 | Crear | Scout Cavalry |
| 13:49 | Crear | Scout Cavalry |
| 13:51 | Construir | Mining Camp |
| 13:56 | Crear | Villager (Male) |
| 14:25 | Crear | Scout Cavalry |
| 14:27 | Crear | Villager (Male) |
| 14:48 | Crear | Scout Cavalry |
| 14:55 | Construir | Archery Range |
| 14:58 | Crear | Scout Cavalry |
| 15:10 | Investigar | Double-Bit Axe |
| 15:10 | Investigar | Double-Bit Axe |
| 15:12 | Crear | Scout Cavalry |
| 15:37 | Crear | Villager (Male) |
| 15:56 | Crear | Archer |
| 15:57 | Crear | Scout Cavalry |
| 15:59 | Construir | Blacksmith |
| 16:18 | Crear | Villager (Male) |
| 16:32 | Investigar | Bloodlines |
| 16:32 | Investigar | Bloodlines |
| 16:33 | Crear | Villager (Male) |
| 16:33 | Crear | Villager (Male) |
| 16:53 | Crear | Archer |
| 16:59 | Crear | Villager (Male) |
| 17:01 | Construir | Farm |
| 17:02 | Construir | Farm |
| 17:05 | Investigar | Horse Collar |
| 17:05 | Investigar | Horse Collar |
| 17:17 | Construir | Farm |
| 17:32 | Crear | Archer |
| 17:53 | Investigar | Scale Barding Armor |
| 17:53 | Investigar | Scale Barding Armor |
| 18:09 | Crear | Villager (Male) |
| 18:19 | Crear | Villager (Male) |
| 18:21 | Construir | Farm |
| 18:22 | Construir | Farm |
| 18:44 | Construir | Market |
| 18:54 | Construir | Stone Wall |
| 19:01 | Construir | Gate |
| 19:02 | Construir | Stone Wall |
| 19:08 | Crear | Villager (Male) |
| 19:12 | Construir | Stone Wall |
| 19:43 | Construir | Stone Wall |
| 19:54 | Crear | Villager (Male) |
| 21:23 | Construir | Town Center |
| 21:30 | Construir | Lumber Camp |
| 21:35 | Construir | Mill |
| 22:15 | Construir | Lumber Camp |
| 23:22 | Construir | Mining Camp |
| 23:38 | Crear | Villager (Male) |
| 23:38 | Crear | Villager (Male) |
| 23:38 | Crear | Villager (Male) |
| 23:42 | Construir | Farm |
| 23:43 | Construir | Farm |
| 24:30 | Construir | Outpost |
| 24:33 | Crear | Villager (Male) |
| 24:33 | Crear | Villager (Male) |
| 24:35 | Construir | Farm |
| 24:38 | Construir | Farm |
| 24:40 | Construir | Farm |
| 24:40 | Construir | Farm |
| 25:07 | Crear | Villager (Male) |
| 25:25 | Construir | Farm |
| 25:26 | Construir | Farm |
| 25:39 | Construir | Mill |
| 25:57 | Investigar | Town Watch |
| 26:04 | Construir | Mill |
| 26:25 | Construir | Mining Camp |
| 26:33 | Crear | Villager (Male) |
| 26:51 | Crear | Trade Cart |
| 26:51 | Crear | Trade Cart |
| 27:12 | Crear | Villager (Male) |
| 27:18 | Crear | Villager (Male) |
| 27:23 | Construir | Farm |
| 27:24 | Construir | Farm |
| 27:24 | Construir | Farm |
| 27:37 | Construir | Farm |
| 28:02 | Investigar | Castle Age |
| 28:02 | Investigar | Castle Age |
| 28:23 | Construir | Stone Wall |
| 28:27 | Crear | Villager (Male) |
| 28:30 | Construir | Stable |
| 28:54 | Investigar | Gold Mining |
| 29:31 | Investigar | Forging |
| 29:31 | Investigar | Forging |
| 29:54 | Construir | Farm |
Build order — Dr. Freezer
Primeras 150 de 273 acciones detectadas
| 1:10 | Construir | Town Center |
| 2:37 | Construir | Dock |
| 2:39 | Construir | House |
| 3:21 | Construir | Palisade Wall |
| 3:55 | Crear | Villager (Male) |
| 3:59 | Crear | Villager (Male) |
| 3:59 | Crear | Villager (Male) |
| 3:59 | Crear | Villager (Male) |
| 4:45 | Crear | Fishing Ship |
| 5:18 | Crear | Villager (Male) |
| 5:45 | Construir | House |
| 5:56 | Crear | Villager (Male) |
| 5:56 | Crear | Villager (Male) |
| 6:19 | Crear | Villager (Male) |
| 6:33 | Crear | Fishing Ship |
| 6:52 | Crear | Villager (Male) |
| 6:52 | Crear | Villager (Male) |
| 7:00 | Construir | House |
| 7:05 | Construir | Palisade Wall |
| 7:18 | Construir | House |
| 7:42 | Crear | Villager (Male) |
| 7:56 | Crear | Fishing Ship |
| 7:56 | Crear | Fishing Ship |
| 8:14 | Crear | Villager (Male) |
| 8:14 | Crear | Villager (Male) |
| 8:16 | Crear | Villager (Male) |
| 8:16 | Crear | Villager (Male) |
| 8:25 | Crear | Fishing Ship |
| 8:41 | Crear | Villager (Male) |
| 8:41 | Crear | Villager (Male) |
| 8:57 | Construir | House |
| 9:00 | Crear | Villager (Male) |
| 9:03 | Crear | Fishing Ship |
| 9:03 | Crear | Fishing Ship |
| 9:41 | Construir | House |
| 9:43 | Crear | Villager (Male) |
| 9:44 | Crear | Villager (Male) |
| 9:50 | Construir | House |
| 9:57 | Crear | Fishing Ship |
| 10:03 | Crear | Villager (Male) |
| 10:50 | Investigar | Loom |
| 10:54 | Construir | Mining Camp |
| 11:00 | Construir | Mining Camp |
| 11:16 | Construir | House |
| 11:21 | Crear | Villager (Male) |
| 11:46 | Investigar | Feudal Age |
| 12:26 | Construir | Palisade Wall |
| 13:36 | Crear | Villager (Male) |
| 13:41 | Construir | House |
| 13:56 | Edad | Edad Feudal |
| 13:59 | Crear | Villager (Male) |
| 14:08 | Construir | Mill |
| 14:16 | Crear | Villager (Male) |
| 14:25 | Construir | Blacksmith |
| 14:59 | Construir | Market |
| 15:01 | Crear | Villager (Male) |
| 15:13 | Construir | Palisade Wall |
| 15:26 | Construir | Palisade Wall |
| 15:41 | Investigar | Castle Age |
| 15:48 | Construir | Palisade Wall |
| 17:25 | Investigar | Fletching |
| 18:00 | Construir | Palisade Wall |
| 18:01 | Construir | Palisade Wall |
| 18:02 | Construir | Palisade Wall |
| 18:04 | Construir | Palisade Wall |
| 18:05 | Construir | Palisade Wall |
| 18:21 | Edad | Edad de los Castillos |
| 18:29 | Crear | Villager (Male) |
| 18:40 | Crear | Villager (Male) |
| 18:45 | Construir | Palisade Wall |
| 19:09 | Crear | Villager (Male) |
| 19:23 | Construir | Castle |
| 19:25 | Crear | Villager (Male) |
| 19:34 | Construir | Castle |
| 19:38 | Construir | Palisade Wall |
| 19:40 | Construir | Palisade Wall |
| 19:48 | Construir | House |
| 19:54 | Construir | Palisade Wall |
| 20:02 | Crear | Villager (Male) |
| 20:07 | Investigar | Bodkin Arrow |
| 20:18 | Construir | Siege Workshop |
| 20:32 | Crear | War Wagon |
| 20:36 | Crear | Villager (Male) |
| 20:53 | Crear | War Wagon |
| 21:02 | Construir | House |
| 21:10 | Crear | War Wagon |
| 21:49 | Crear | Villager (Male) |
| 22:00 | Crear | War Wagon |
| 22:04 | Crear | War Wagon |
| 22:13 | Crear | Villager (Male) |
| 22:42 | Crear | Villager (Male) |
| 23:01 | Crear | Villager (Male) |
| 23:05 | Construir | Town Center |
| 23:13 | Crear | Villager (Male) |
| 23:27 | Crear | War Wagon |
| 24:01 | Crear | Villager (Male) |
| 24:03 | Investigar | Wheelbarrow |
| 24:14 | Construir | Town Center |
| 24:34 | Crear | Villager (Male) |
| 24:40 | Crear | Villager (Male) |
| 24:44 | Construir | Lumber Camp |
| 24:51 | Crear | War Wagon |
| 25:00 | Crear | Villager (Male) |
| 25:00 | Crear | Villager (Male) |
| 25:13 | Crear | Villager (Male) |
| 25:44 | Crear | Villager (Male) |
| 25:51 | Crear | Villager (Male) |
| 25:57 | Crear | Villager (Male) |
| 26:07 | Crear | Villager (Male) |
| 26:07 | Crear | Villager (Male) |
| 26:07 | Crear | Villager (Male) |
| 26:15 | Crear | Villager (Male) |
| 26:15 | Crear | Villager (Male) |
| 26:23 | Crear | Villager (Male) |
| 26:30 | Crear | Villager (Male) |
| 26:40 | Crear | War Wagon |
| 26:54 | Construir | Farm |
| 26:55 | Construir | Farm |
| 26:55 | Construir | Farm |
| 26:55 | Construir | Farm |
| 26:55 | Construir | Farm |
| 26:56 | Construir | Farm |
| 27:02 | Crear | Villager (Male) |
| 27:02 | Crear | Villager (Male) |
| 27:13 | Crear | War Wagon |
| 27:13 | Crear | War Wagon |
| 27:13 | Crear | War Wagon |
| 27:43 | Construir | House |
| 27:44 | Construir | House |
| 27:58 | Crear | Villager (Male) |
| 27:58 | Crear | Villager (Male) |
| 28:03 | Crear | War Wagon |
| 28:03 | Crear | War Wagon |
| 28:14 | Crear | Villager (Male) |
| 28:14 | Crear | Villager (Male) |
| 28:21 | Crear | Iron Pagoda |
| 28:21 | Crear | Iron Pagoda |
| 28:27 | Crear | Villager (Male) |
| 28:28 | Crear | Villager (Male) |
| 28:37 | Crear | Villager (Male) |
| 28:38 | Crear | Villager (Male) |
| 28:47 | Construir | House |
| 28:48 | Construir | House |
| 29:11 | Crear | Villager (Male) |
| 29:14 | Crear | War Wagon |
| 29:15 | Crear | Villager (Male) |
| 29:38 | Crear | Iron Pagoda |
| 29:51 | Construir | University |
| 29:59 | Crear | Villager (Male) |
| 29:59 | Crear | Villager (Male) |
Build order — __35_Kingpin_Arg
Primeras 150 de 558 acciones detectadas
| 0:33 | Construir | Town Center |
| 1:09 | Construir | House |
| 1:18 | Construir | Dock |
| 1:18 | Construir | Palisade Wall |
| 2:47 | Crear | Villager (Male) |
| 2:48 | Crear | Villager (Male) |
| 2:48 | Crear | Villager (Male) |
| 2:48 | Crear | Villager (Male) |
| 2:48 | Crear | Villager (Male) |
| 4:01 | Crear | Fishing Ship |
| 4:01 | Crear | Fishing Ship |
| 4:14 | Crear | Villager (Male) |
| 4:14 | Crear | Villager (Male) |
| 4:45 | Construir | House |
| 4:56 | Investigar | Loom |
| 5:45 | Crear | Villager (Male) |
| 5:45 | Crear | Villager (Male) |
| 5:45 | Crear | Villager (Male) |
| 6:29 | Crear | Fishing Ship |
| 6:37 | Crear | Villager (Male) |
| 6:38 | Crear | Villager (Male) |
| 6:38 | Crear | Villager (Male) |
| 6:40 | Crear | Villager (Male) |
| 6:41 | Crear | Villager (Male) |
| 7:12 | Construir | House |
| 7:21 | Crear | Villager (Male) |
| 7:21 | Crear | Villager (Male) |
| 7:22 | Crear | Villager (Male) |
| 7:52 | Crear | Fishing Ship |
| 7:53 | Crear | Villager (Male) |
| 8:19 | Crear | Villager (Male) |
| 8:55 | Construir | House |
| 9:03 | Crear | Villager (Male) |
| 9:04 | Crear | Villager (Male) |
| 9:22 | Construir | Lumber Camp |
| 9:36 | Crear | Fishing Ship |
| 9:43 | Crear | Villager (Male) |
| 10:12 | Construir | Mining Camp |
| 10:17 | Crear | Villager (Male) |
| 10:27 | Construir | House |
| 10:40 | Crear | Villager (Male) |
| 10:56 | Crear | Fishing Ship |
| 11:02 | Construir | Dock |
| 11:10 | Construir | House |
| 11:11 | Construir | Palisade Wall |
| 11:19 | Construir | Outpost |
| 11:26 | Crear | Villager (Male) |
| 11:45 | Crear | Fishing Ship |
| 11:58 | Investigar | Feudal Age |
| 12:26 | Construir | Outpost |
| 12:50 | Construir | Outpost |
| 13:11 | Crear | Villager (Male) |
| 13:31 | Construir | Mining Camp |
| 13:56 | Crear | Villager (Male) |
| 14:08 | Edad | Edad Feudal |
| 14:16 | Construir | Mill |
| 14:22 | Construir | Blacksmith |
| 14:40 | Crear | Villager (Male) |
| 14:58 | Construir | Market |
| 15:07 | Construir | Palisade Wall |
| 15:22 | Construir | Palisade Wall |
| 15:36 | Crear | Villager (Male) |
| 16:13 | Investigar | Castle Age |
| 16:23 | Construir | Palisade Wall |
| 16:42 | Investigar | Double-Bit Axe |
| 17:17 | Construir | Gate |
| 17:23 | Construir | Stone Wall |
| 17:33 | Crear | Villager (Male) |
| 18:10 | Construir | Stone Wall |
| 18:13 | Crear | Villager (Male) |
| 18:42 | Crear | Villager (Male) |
| 18:53 | Edad | Edad de los Castillos |
| 18:59 | Construir | Town Center |
| 19:08 | Crear | Villager (Male) |
| 19:29 | Construir | Castle |
| 19:38 | Crear | Villager (Male) |
| 19:45 | Crear | Villager (Male) |
| 20:03 | Crear | Villager (Male) |
| 20:05 | Crear | Villager (Male) |
| 20:05 | Crear | Villager (Male) |
| 20:28 | Construir | Mining Camp |
| 20:31 | Crear | Villager (Male) |
| 20:37 | Crear | Villager (Male) |
| 20:56 | Crear | Samurai |
| 21:30 | Construir | Town Center |
| 21:33 | Crear | Villager (Male) |
| 21:37 | Crear | Samurai |
| 21:37 | Crear | Samurai |
| 21:59 | Crear | Villager (Male) |
| 22:06 | Crear | Samurai |
| 22:44 | Construir | Palisade Gate |
| 22:49 | Crear | Villager (Male) |
| 23:25 | Construir | House |
| 23:26 | Construir | House |
| 23:28 | Construir | House |
| 23:36 | Crear | Villager (Male) |
| 23:37 | Crear | Villager (Male) |
| 23:49 | Construir | Farm |
| 23:51 | Construir | Farm |
| 24:07 | Crear | Samurai |
| 24:20 | Construir | Monastery |
| 24:21 | Crear | Villager (Male) |
| 24:47 | Crear | Villager (Male) |
| 24:59 | Construir | Farm |
| 25:01 | Construir | Farm |
| 25:15 | Construir | Barracks |
| 25:16 | Crear | Monk |
| 25:17 | Crear | Monk |
| 25:19 | Construir | House |
| 25:24 | Construir | Palisade Wall |
| 25:26 | Crear | Villager (Male) |
| 25:27 | Crear | Samurai |
| 25:41 | Crear | Samurai |
| 25:49 | Construir | Mill |
| 25:49 | Construir | Farm |
| 25:49 | Construir | Farm |
| 25:50 | Construir | Farm |
| 25:50 | Construir | Farm |
| 25:58 | Crear | Monk |
| 26:00 | Crear | Villager (Male) |
| 26:00 | Crear | Villager (Male) |
| 26:00 | Crear | Villager (Male) |
| 26:25 | Crear | Villager (Male) |
| 26:45 | Crear | Villager (Male) |
| 26:53 | Crear | Villager (Male) |
| 27:01 | Construir | House |
| 27:02 | Crear | Villager (Male) |
| 27:12 | Construir | House |
| 27:13 | Construir | House |
| 27:30 | Crear | Villager (Male) |
| 27:34 | Investigar | Town Watch |
| 27:41 | Investigar | Tech 906 |
| 27:50 | Crear | Villager (Male) |
| 28:14 | Crear | Villager (Male) |
| 29:12 | Crear | Samurai |
| 29:13 | Crear | Samurai |
| 29:13 | Crear | Samurai |
| 29:13 | Crear | Samurai |
| 29:23 | Crear | Samurai |
| 29:23 | Crear | Samurai |
| 29:23 | Crear | Samurai |
| 29:50 | Construir | Market |
| 30:05 | Construir | Palisade Gate |
| 30:37 | Crear | Villager (Male) |
| 30:56 | Investigar | Wheelbarrow |
| 31:06 | Crear | Villager (Male) |
| 31:23 | Construir | Farm |
| 31:24 | Crear | Villager (Male) |
| 31:37 | Crear | Villager (Male) |
| 31:39 | Crear | Samurai |
Build order — Gojo
Primeras 150 de 914 acciones detectadas
| 0:09 | Construir | Town Center |
| 1:08 | Construir | Dock |
| 2:44 | Crear | Villager (Male) |
| 2:44 | Crear | Villager (Male) |
| 2:45 | Crear | Villager (Male) |
| 2:45 | Crear | Villager (Male) |
| 3:37 | Crear | Villager (Male) |
| 3:41 | Crear | Fishing Ship |
| 3:41 | Crear | Fishing Ship |
| 4:26 | Investigar | Loom |
| 4:35 | Crear | Fishing Ship |
| 4:40 | Construir | House |
| 5:12 | Crear | Villager (Male) |
| 5:12 | Crear | Villager (Male) |
| 5:34 | Crear | Villager (Male) |
| 5:34 | Crear | Villager (Male) |
| 5:53 | Crear | Villager (Male) |
| 5:54 | Crear | Fishing Ship |
| 6:11 | Construir | House |
| 6:13 | Crear | Villager (Male) |
| 6:32 | Crear | Villager (Male) |
| 6:33 | Crear | Villager (Male) |
| 6:48 | Crear | Fishing Ship |
| 6:48 | Crear | Fishing Ship |
| 7:07 | Crear | Villager (Male) |
| 7:07 | Crear | Villager (Male) |
| 7:20 | Construir | House |
| 7:22 | Crear | Villager (Male) |
| 7:31 | Crear | Fishing Ship |
| 7:31 | Crear | Fishing Ship |
| 7:56 | Crear | Villager (Male) |
| 7:57 | Crear | Villager (Male) |
| 7:59 | Crear | Fishing Ship |
| 8:00 | Crear | Fishing Ship |
| 8:00 | Crear | Villager (Male) |
| 8:08 | Crear | Villager (Male) |
| 8:30 | Crear | Fishing Ship |
| 8:47 | Crear | Villager (Male) |
| 8:54 | Construir | House |
| 9:16 | Crear | Fishing Ship |
| 9:23 | Crear | Villager (Male) |
| 9:28 | Construir | Palisade Wall |
| 9:30 | Construir | Palisade Wall |
| 9:38 | Construir | Mill |
| 9:41 | Crear | Villager (Male) |
| 10:20 | Construir | House |
| 10:31 | Crear | Villager (Male) |
| 10:44 | Construir | Mining Camp |
| 11:03 | Investigar | Feudal Age |
| 11:45 | Construir | Palisade Gate |
| 11:49 | Construir | Palisade Gate |
| 11:52 | Construir | Palisade Wall |
| 11:53 | Construir | Palisade Wall |
| 12:06 | Construir | Palisade Wall |
| 12:57 | Crear | Villager (Male) |
| 12:57 | Crear | Villager (Male) |
| 13:16 | Edad | Edad Feudal |
| 13:25 | Construir | Market |
| 13:28 | Construir | Blacksmith |
| 13:56 | Construir | House |
| 13:58 | Construir | House |
| 14:00 | Construir | Palisade Wall |
| 14:17 | Investigar | Castle Age |
| 14:37 | Construir | Lumber Camp |
| 15:25 | Construir | Mining Camp |
| 16:17 | Crear | Villager (Male) |
| 16:18 | Crear | Villager (Male) |
| 16:19 | Investigar | Double-Bit Axe |
| 16:20 | Investigar | Gold Mining |
| 16:42 | Construir | Palisade Wall |
| 16:57 | Edad | Edad de los Castillos |
| 17:00 | Construir | Castle |
| 17:47 | Crear | Villager (Male) |
| 17:54 | Crear | Conquistador |
| 17:54 | Crear | Conquistador |
| 18:05 | Crear | Villager (Male) |
| 18:40 | Crear | Conquistador |
| 18:41 | Crear | Villager (Male) |
| 18:51 | Crear | Villager (Male) |
| 18:51 | Crear | Villager (Male) |
| 19:06 | Construir | Siege Workshop |
| 19:31 | Crear | Villager (Male) |
| 19:34 | Crear | Conquistador |
| 19:34 | Crear | Conquistador |
| 19:43 | Crear | Battering Ram |
| 20:05 | Crear | Villager (Male) |
| 20:05 | Crear | Villager (Male) |
| 20:15 | Crear | Villager (Male) |
| 20:18 | Investigar | Bow Saw |
| 20:19 | Investigar | Horse Collar |
| 20:20 | Crear | Villager (Male) |
| 20:32 | Crear | Villager (Male) |
| 20:49 | Crear | Battering Ram |
| 21:03 | Crear | Conquistador |
| 21:05 | Crear | Villager (Male) |
| 21:12 | Construir | Farm |
| 21:14 | Construir | Farm |
| 21:36 | Crear | Villager (Male) |
| 21:39 | Crear | Conquistador |
| 21:42 | Crear | Battering Ram |
| 21:42 | Crear | Battering Ram |
| 22:03 | Crear | Villager (Male) |
| 22:11 | Crear | Conquistador |
| 22:12 | Crear | Villager (Male) |
| 22:31 | Crear | Villager (Male) |
| 22:41 | Crear | Villager (Male) |
| 22:51 | Construir | Town Center |
| 23:10 | Crear | Villager (Male) |
| 23:10 | Crear | Villager (Male) |
| 23:18 | Investigar | Wheelbarrow |
| 23:29 | Construir | Town Center |
| 23:37 | Crear | Conquistador |
| 23:40 | Crear | Villager (Male) |
| 23:42 | Crear | Villager (Male) |
| 23:43 | Crear | Villager (Male) |
| 23:48 | Construir | Farm |
| 23:49 | Construir | Farm |
| 23:51 | Construir | Farm |
| 23:54 | Construir | Farm |
| 24:07 | Crear | Villager (Male) |
| 24:07 | Crear | Villager (Male) |
| 24:14 | Construir | Farm |
| 24:44 | Crear | Villager (Male) |
| 24:48 | Crear | Villager (Male) |
| 24:48 | Crear | Villager (Male) |
| 24:51 | Construir | Farm |
| 24:54 | Construir | Farm |
| 24:55 | Construir | Farm |
| 25:10 | Crear | Villager (Male) |
| 25:13 | Crear | Villager (Male) |
| 25:17 | Construir | Farm |
| 25:18 | Construir | Farm |
| 25:31 | Crear | Villager (Male) |
| 25:41 | Crear | Villager (Male) |
| 25:47 | Investigar | Hand Cart |
| 25:47 | Investigar | Hand Cart |
| 25:53 | Investigar | Hand Cart |
| 25:53 | Investigar | Hand Cart |
| 25:57 | Crear | Villager (Male) |
| 26:08 | Crear | Villager (Male) |
| 26:15 | Construir | Monastery |
| 26:16 | Crear | Villager (Male) |
| 26:18 | Construir | Farm |
| 26:19 | Construir | Farm |
| 26:19 | Construir | Farm |
| 26:19 | Construir | Farm |
| 26:19 | Construir | Farm |
| 26:36 | Crear | Villager (Male) |
| 26:40 | Crear | Villager (Male) |
| 26:41 | Crear | Villager (Male) |
Build order — __97_Unknown_Arg
Primeras 150 de 868 acciones detectadas
| 0:10 | Construir | House |
| 0:25 | Construir | Town Center |
| 1:01 | Construir | Dock |
| 2:52 | Crear | Villager (Male) |
| 2:52 | Crear | Villager (Male) |
| 2:52 | Crear | Villager (Male) |
| 2:53 | Crear | Villager (Male) |
| 2:53 | Crear | Villager (Male) |
| 3:50 | Crear | Villager (Male) |
| 3:50 | Crear | Villager (Male) |
| 3:50 | Crear | Villager (Male) |
| 4:03 | Crear | Fishing Ship |
| 4:04 | Crear | Fishing Ship |
| 4:04 | Crear | Fishing Ship |
| 4:41 | Construir | House |
| 4:55 | Crear | Villager (Male) |
| 4:55 | Crear | Villager (Male) |
| 5:25 | Crear | Villager (Male) |
| 5:25 | Crear | Villager (Male) |
| 5:39 | Crear | Fishing Ship |
| 5:39 | Crear | Fishing Ship |
| 5:59 | Investigar | Loom |
| 6:00 | Crear | Villager (Male) |
| 6:00 | Crear | Villager (Male) |
| 6:06 | Crear | Villager (Male) |
| 6:06 | Crear | Villager (Male) |
| 6:31 | Crear | Fishing Ship |
| 6:53 | Crear | Villager (Male) |
| 6:53 | Crear | Villager (Male) |
| 6:53 | Crear | Villager (Male) |
| 6:59 | Investigar | Loom |
| 7:06 | Construir | House |
| 7:10 | Crear | Villager (Male) |
| 7:10 | Crear | Villager (Male) |
| 7:10 | Crear | Villager (Male) |
| 7:10 | Crear | Villager (Male) |
| 7:24 | Crear | Fishing Ship |
| 7:51 | Crear | Fishing Ship |
| 7:51 | Crear | Fishing Ship |
| 8:09 | Crear | Villager (Male) |
| 8:10 | Crear | Villager (Male) |
| 8:10 | Crear | Villager (Male) |
| 8:17 | Construir | House |
| 8:43 | Crear | Villager (Male) |
| 8:43 | Crear | Villager (Male) |
| 8:44 | Crear | Villager (Male) |
| 8:47 | Crear | Fishing Ship |
| 9:29 | Crear | Fishing Ship |
| 9:30 | Crear | Fishing Ship |
| 9:35 | Construir | House |
| 10:01 | Construir | Mill |
| 10:02 | Crear | Villager (Male) |
| 10:29 | Construir | House |
| 10:32 | Crear | Villager (Male) |
| 10:54 | Crear | Fishing Ship |
| 11:10 | Construir | Palisade Wall |
| 11:18 | Construir | Palisade Wall |
| 11:19 | Investigar | Feudal Age |
| 11:20 | Investigar | Feudal Age |
| 12:16 | Construir | Mining Camp |
| 12:26 | Construir | Dock |
| 12:58 | Crear | Fishing Ship |
| 13:05 | Construir | House |
| 13:06 | Crear | Fishing Ship |
| 13:24 | Crear | Villager (Male) |
| 13:29 | Edad | Edad Feudal |
| 13:38 | Construir | Market |
| 13:46 | Crear | Villager (Male) |
| 13:50 | Construir | Blacksmith |
| 14:16 | Construir | Palisade Wall |
| 14:25 | Crear | Villager (Male) |
| 14:51 | Construir | Lumber Camp |
| 14:52 | Investigar | Castle Age |
| 14:52 | Investigar | Castle Age |
| 15:07 | Crear | Fishing Ship |
| 15:35 | Investigar | Double-Bit Axe |
| 15:36 | Investigar | Double-Bit Axe |
| 15:49 | Crear | Fishing Ship |
| 16:16 | Construir | House |
| 16:28 | Investigar | Gold Mining |
| 16:29 | Investigar | Gold Mining |
| 16:45 | Crear | Fishing Ship |
| 16:50 | Crear | Fishing Ship |
| 17:01 | Construir | House |
| 17:04 | Construir | Palisade Wall |
| 17:26 | Crear | Villager (Male) |
| 17:32 | Edad | Edad de los Castillos |
| 17:34 | Construir | Town Center |
| 17:38 | Crear | Villager (Male) |
| 17:48 | Investigar | Bow Saw |
| 17:49 | Investigar | Bow Saw |
| 17:49 | Investigar | Bow Saw |
| 18:05 | Construir | Palisade Wall |
| 18:08 | Crear | Villager (Male) |
| 18:35 | Crear | Villager (Male) |
| 18:54 | Construir | Town Center |
| 18:55 | Crear | Villager (Male) |
| 19:02 | Construir | Lumber Camp |
| 19:09 | Crear | Villager (Male) |
| 19:10 | Crear | Villager (Male) |
| 19:11 | Crear | Villager (Male) |
| 19:11 | Crear | Villager (Male) |
| 19:12 | Investigar | Wheelbarrow |
| 19:22 | Crear | Villager (Male) |
| 19:35 | Investigar | Tech 906 |
| 19:40 | Crear | Villager (Male) |
| 19:55 | Crear | Villager (Male) |
| 19:57 | Crear | Villager (Male) |
| 20:08 | Construir | Dock |
| 20:09 | Crear | Villager (Male) |
| 20:16 | Construir | House |
| 20:17 | Construir | House |
| 20:19 | Crear | Villager (Male) |
| 20:21 | Crear | Villager (Male) |
| 20:37 | Crear | Villager (Male) |
| 20:37 | Crear | Villager (Male) |
| 20:38 | Crear | Villager (Male) |
| 20:38 | Crear | Villager (Male) |
| 20:39 | Crear | Villager (Male) |
| 20:51 | Crear | Villager (Male) |
| 20:52 | Crear | Villager (Male) |
| 20:57 | Crear | Villager (Male) |
| 21:02 | Crear | Villager (Male) |
| 21:12 | Construir | Town Center |
| 21:17 | Crear | Villager (Male) |
| 21:18 | Crear | Villager (Male) |
| 21:29 | Crear | Villager (Male) |
| 21:45 | Crear | Villager (Male) |
| 21:51 | Crear | Villager (Male) |
| 22:01 | Construir | Dock |
| 22:02 | Crear | Villager (Male) |
| 22:14 | Crear | Villager (Male) |
| 22:17 | Crear | Villager (Male) |
| 22:23 | Crear | Villager (Male) |
| 22:25 | Crear | Villager (Male) |
| 22:29 | Construir | Farm |
| 22:29 | Construir | Farm |
| 22:30 | Construir | Farm |
| 22:30 | Construir | Farm |
| 22:30 | Construir | Farm |
| 22:32 | Investigar | Horse Collar |
| 22:33 | Investigar | Horse Collar |
| 22:36 | Construir | Farm |
| 22:38 | Construir | Farm |
| 22:40 | Construir | Farm |
| 22:44 | Construir | Farm |
| 22:47 | Construir | Farm |
| 22:48 | Construir | Farm |
| 22:52 | Construir | Farm |
| 22:52 | Crear | Villager (Male) |
Build order — [CL]Jupy
Primeras 150 de 647 acciones detectadas
| 0:09 | Construir | Town Center |
| 1:17 | Construir | Dock |
| 2:41 | Crear | Villager (Male) ×4 |
| 2:41 | Crear | Villager (Male) ×4 |
| 3:51 | Crear | Villager (Male) |
| 4:08 | Crear | Fishing Ship |
| 4:09 | Crear | Fishing Ship |
| 4:14 | Crear | Villager (Male) |
| 4:34 | Construir | House |
| 5:05 | Construir | House |
| 5:10 | Crear | Villager (Male) |
| 5:10 | Crear | Villager (Male) |
| 5:36 | Crear | Villager (Male) |
| 5:37 | Crear | Villager (Male) |
| 5:44 | Crear | Fishing Ship |
| 5:44 | Crear | Fishing Ship |
| 5:57 | Crear | Villager (Male) |
| 6:20 | Crear | Villager (Male) |
| 6:45 | Crear | Villager (Male) |
| 6:50 | Crear | Villager (Male) |
| 7:18 | Crear | Fishing Ship |
| 7:22 | Construir | House |
| 7:37 | Crear | Villager (Male) |
| 7:57 | Investigar | Loom |
| 7:57 | Crear | Villager (Male) |
| 7:58 | Crear | Villager (Male) |
| 8:07 | Crear | Fishing Ship |
| 8:15 | Construir | Palisade Wall |
| 8:22 | Crear | Villager (Male) |
| 8:22 | Crear | Villager (Male) |
| 8:22 | Crear | Villager (Male) |
| 8:30 | Construir | Palisade Gate |
| 8:37 | Crear | Villager (Male) |
| 9:45 | Crear | Fishing Ship |
| 9:51 | Construir | Settlement |
| 9:58 | Construir | House |
| 10:00 | Crear | Villager (Male) |
| 10:46 | Construir | Settlement |
| 10:48 | Crear | Villager (Male) |
| 10:50 | Investigar | Feudal Age |
| 11:44 | Construir | Outpost |
| 13:23 | Edad | Edad Feudal |
| 13:25 | Crear | Villager (Male) |
| 13:30 | Construir | Market |
| 13:46 | Crear | Villager (Male) |
| 13:51 | Construir | Blacksmith |
| 14:01 | Crear | Villager (Male) |
| 14:24 | Investigar | Castle Age |
| 14:31 | Crear | Unit 2626 |
| 14:35 | Investigar | Double-Bit Axe |
| 14:36 | Investigar | Double-Bit Axe |
| 15:27 | Construir | Palisade Wall |
| 16:05 | Construir | House |
| 16:12 | Investigar | Fletching |
| 16:22 | Construir | Palisade Wall |
| 16:23 | Construir | Palisade Wall |
| 16:51 | Construir | Palisade Wall |
| 16:54 | Construir | Palisade Wall |
| 17:03 | Crear | Villager (Male) |
| 17:13 | Construir | Watch Tower |
| 17:20 | Edad | Edad de los Castillos |
| 17:45 | Crear | Villager (Male) |
| 17:49 | Construir | Castle |
| 18:11 | Crear | Villager (Male) |
| 18:17 | Construir | Palisade Gate |
| 18:20 | Construir | House |
| 18:27 | Crear | Villager (Male) |
| 18:55 | Construir | Farm |
| 18:56 | Construir | Farm |
| 19:05 | Construir | Farm |
| 19:06 | Crear | Villager (Male) |
| 19:23 | Construir | Settlement |
| 19:24 | Crear | Unit 2562 |
| 19:24 | Crear | Unit 2562 |
| 19:24 | Crear | Unit 2562 |
| 19:34 | Crear | Villager (Male) |
| 19:34 | Crear | Villager (Male) |
| 19:44 | Crear | Unit 2562 |
| 19:53 | Construir | Farm |
| 20:15 | Crear | Villager (Male) |
| 20:34 | Construir | Farm |
| 20:35 | Crear | Villager (Male) |
| 20:39 | Crear | Unit 2562 |
| 20:47 | Crear | Villager (Male) |
| 21:05 | Crear | Unit 2562 |
| 21:05 | Crear | Unit 2562 |
| 21:16 | Crear | Villager (Male) |
| 21:32 | Crear | Unit 2562 |
| 21:38 | Crear | Villager (Male) |
| 21:40 | Construir | Farm |
| 21:41 | Construir | Farm |
| 21:42 | Construir | Farm |
| 21:43 | Construir | Farm |
| 21:54 | Crear | Villager (Male) |
| 22:01 | Crear | Villager (Male) |
| 22:15 | Investigar | Padded Archer Armor |
| 22:15 | Investigar | Padded Archer Armor |
| 22:46 | Investigar | Bodkin Arrow |
| 22:46 | Investigar | Bodkin Arrow |
| 22:55 | Crear | Villager (Male) |
| 23:01 | Investigar | Town Watch |
| 23:03 | Investigar | Bow Saw |
| 23:03 | Investigar | Bow Saw |
| 23:22 | Construir | Town Center |
| 23:37 | Crear | Villager (Male) |
| 24:01 | Crear | Villager (Male) |
| 24:02 | Crear | Unit 2562 |
| 24:08 | Crear | Unit 2562 |
| 24:13 | Investigar | Horse Collar |
| 24:18 | Crear | Villager (Male) |
| 24:23 | Crear | Villager (Male) |
| 24:32 | Crear | Villager (Male) |
| 24:32 | Crear | Villager (Male) |
| 24:37 | Construir | Town Center |
| 24:47 | Crear | Villager (Male) |
| 24:52 | Crear | Unit 2562 |
| 25:03 | Crear | Villager (Male) |
| 25:07 | Crear | Villager (Male) |
| 25:18 | Crear | Villager (Male) |
| 25:22 | Crear | Villager (Male) |
| 25:27 | Crear | Villager (Male) |
| 25:33 | Construir | Farm |
| 25:34 | Construir | Farm |
| 25:35 | Construir | Farm |
| 25:48 | Crear | Villager (Male) |
| 25:51 | Crear | Villager (Male) |
| 25:53 | Construir | Farm |
| 25:54 | Construir | Farm |
| 25:55 | Construir | Farm |
| 26:18 | Crear | Unit 2562 |
| 26:21 | Crear | Villager (Male) |
| 26:22 | Crear | Villager (Male) |
| 26:52 | Crear | Villager (Male) |
| 26:52 | Crear | Villager (Male) |
| 26:57 | Construir | Farm |
| 26:57 | Construir | Farm |
| 27:06 | Crear | Villager (Male) |
| 27:08 | Crear | Villager (Male) |
| 27:12 | Construir | Settlement |
| 27:24 | Investigar | Leather Archer Armor |
| 27:24 | Investigar | Leather Archer Armor |
| 27:25 | Crear | Villager (Male) |
| 27:25 | Crear | Villager (Male) |
| 27:34 | Crear | Villager (Male) |
| 27:40 | Construir | Farm |
| 27:53 | Crear | Villager (Male) |
| 27:59 | Crear | Villager (Male) |
| 28:02 | Crear | Villager (Male) |
| 28:02 | Crear | Villager (Male) |
| 28:09 | Construir | Outpost |
Cronología de la partida
| 0:24 | [CL] FARFANA · first_building Dock |
| 0:43 | __09_WAIRO_Arg · first_building Dock |
| 1:01 | __97_Unknown_Arg · first_building Dock |
| 1:08 | Gojo · first_building Dock |
| 1:17 | [CL]Jupy · first_building Dock |
| 1:18 | __35_Kingpin_Arg · first_building Dock |
| 1:18 | __35_Kingpin_Arg · wall_segment Palisade Wall x1 |
| 1:56 | __09_WAIRO_Arg · wall_segment Palisade Wall x1 |
| 1:57 | __09_WAIRO_Arg · wall_segment Palisade Wall x1 |
| 2:37 | Dr. Freezer · first_building Dock |
| 3:21 | Dr. Freezer · wall_segment Palisade Wall x1 |
| 4:25 | _73_TruenoTierra_Arg · first_building Dock |
| 7:05 | Dr. Freezer · wall_segment Palisade Wall x1 |
| 7:51 | __09_WAIRO_Arg · wall_segment Palisade Wall x1 |
| 7:51 | __09_WAIRO_Arg · wall_segment Palisade Wall x2 |
| 8:15 | [CL]Jupy · wall_segment Palisade Wall x1 |
| 9:00 | __09_WAIRO_Arg · wall_segment Palisade Wall x6 |
| 9:28 | __09_WAIRO_Arg · wall_segment Palisade Wall x1 |
| 9:28 | Gojo · wall_segment Palisade Wall x1 |
| 9:30 | Gojo · wall_segment Palisade Wall x6 |
| 9:31 | __09_WAIRO_Arg · wall_segment Palisade Wall x1 |
| 10:37 | __09_WAIRO_Arg · wall_segment Palisade Wall x7 |
| 11:10 | __97_Unknown_Arg · wall_segment Palisade Wall x2 |
| 11:11 | __35_Kingpin_Arg · wall_segment Palisade Wall x4 |
| 11:18 | __97_Unknown_Arg · wall_segment Palisade Wall x1 |
| 11:28 | _73_TruenoTierra_Arg · first_building Barracks |
| 11:52 | Gojo · wall_segment Palisade Wall x1 |
| 11:53 | Gojo · wall_segment Palisade Wall x1 |
| 12:06 | Gojo · wall_segment Palisade Wall x1 |
| 12:26 | Dr. Freezer · wall_segment Palisade Wall x1 |
| 12:35 | [CL] FARFANA · age_up feudal |
| 13:06 | _73_TruenoTierra_Arg · age_up feudal |
| 13:08 | _73_TruenoTierra_Arg · first_building Stable |
| 13:16 | Gojo · age_up feudal |
| 13:23 | [CL]Jupy · age_up feudal |
| 13:29 | __97_Unknown_Arg · age_up feudal |
| 13:31 | __09_WAIRO_Arg · age_up feudal |
| 13:56 | Dr. Freezer · age_up feudal |
| 14:00 | Gojo · wall_segment Palisade Wall x1 |
| 14:08 | __35_Kingpin_Arg · age_up feudal |
| 14:16 | Gojo · first_market_sell 100 wood |
| 14:16 | __97_Unknown_Arg · wall_segment Palisade Wall x1 |
| 14:55 | _73_TruenoTierra_Arg · first_building Archery Range |
| 15:02 | __09_WAIRO_Arg · wall_segment Palisade Wall x1 |
| 15:07 | __35_Kingpin_Arg · wall_segment Palisade Wall x8 |
| 15:13 | Dr. Freezer · wall_segment Palisade Wall x1 |
| 15:22 | __35_Kingpin_Arg · wall_segment Palisade Wall x7 |
| 15:26 | Dr. Freezer · wall_segment Palisade Wall x1 |
| 15:27 | [CL]Jupy · wall_segment Palisade Wall x1 |
| 15:39 | __35_Kingpin_Arg · first_market_buy 100 food |
| 15:42 | __35_Kingpin_Arg · first_market_sell 100 wood |
| 15:48 | Dr. Freezer · wall_segment Palisade Wall x1 |
| 16:22 | [CL]Jupy · wall_segment Palisade Wall x1 |
| 16:23 | __35_Kingpin_Arg · wall_segment Palisade Wall x12 |
| 16:23 | [CL]Jupy · wall_segment Palisade Wall x3 |
| 16:42 | Gojo · wall_segment Palisade Wall x1 |
| 16:51 | Gojo · first_market_buy 100 stone |
| 16:51 | [CL]Jupy · wall_segment Palisade Wall x1 |
| 16:54 | [CL]Jupy · wall_segment Palisade Wall x1 |
| 16:57 | Gojo · age_up castle |
| 17:00 | Gojo · first_building Castle |
| 17:04 | __97_Unknown_Arg · wall_segment Palisade Wall x1 |
| 17:20 | [CL]Jupy · age_up castle |
| 17:20 | __09_WAIRO_Arg · age_up castle |
| 17:23 | __35_Kingpin_Arg · wall_segment Stone Wall x2 |
| 17:23 | [CL]Jupy · first_market_sell 100 wood |
| 17:25 | [CL]Jupy · first_market_buy 100 stone |
| 17:30 | __09_WAIRO_Arg · first_building Castle |
| 17:32 | __97_Unknown_Arg · age_up castle |
| 17:49 | [CL]Jupy · first_building Castle |
| 18:00 | Dr. Freezer · wall_segment Palisade Wall x1 |
| 18:01 | Dr. Freezer · wall_segment Palisade Wall x1 |
| 18:02 | Dr. Freezer · wall_segment Palisade Wall x1 |
| 18:04 | Dr. Freezer · wall_segment Palisade Wall x1 |
| 18:05 | __97_Unknown_Arg · wall_segment Palisade Wall x2 |
| 18:05 | Dr. Freezer · wall_segment Palisade Wall x1 |
| 18:10 | __35_Kingpin_Arg · wall_segment Stone Wall x1 |
| 18:21 | Dr. Freezer · age_up castle |
| 18:36 | __09_WAIRO_Arg · first_market_buy 100 stone |
| 18:45 | Dr. Freezer · wall_segment Palisade Wall x1 |
| 18:53 | __35_Kingpin_Arg · age_up castle |
| 18:54 | _73_TruenoTierra_Arg · wall_segment Stone Wall x9 |
| 19:02 | _73_TruenoTierra_Arg · wall_segment Stone Wall x1 |
| 19:06 | Gojo · first_building Siege Workshop |
| 19:12 | _73_TruenoTierra_Arg · wall_segment Stone Wall x13 |
| 19:23 | Dr. Freezer · first_building Castle |
| 19:29 | __35_Kingpin_Arg · first_building Castle |
| 19:38 | Dr. Freezer · wall_segment Palisade Wall x2 |
| 19:40 | Dr. Freezer · wall_segment Palisade Wall x3 |
| 19:43 | _73_TruenoTierra_Arg · wall_segment Stone Wall x6 |
| 19:45 | __09_WAIRO_Arg · first_market_sell 100 food |
| 19:53 | _73_TruenoTierra_Arg · first_market_sell 100 wood |
| 19:53 | _73_TruenoTierra_Arg · first_market_buy 100 food |
| 19:54 | Dr. Freezer · wall_segment Palisade Wall x1 |
| 20:18 | Dr. Freezer · first_building Siege Workshop |
| 20:33 | [CL] FARFANA · first_building Barracks |
| 21:07 | __97_Unknown_Arg · first_market_buy 100 stone |
| 21:33 | [CL] FARFANA · first_building Archery Range |
| 21:43 | __09_WAIRO_Arg · first_building Monastery |
| 21:48 | [CL] FARFANA · age_up castle |
| 22:34 | __09_WAIRO_Arg · wall_segment Stone Wall x10 |
| 22:43 | __09_WAIRO_Arg · wall_segment Stone Wall x2 |
| 22:49 | __09_WAIRO_Arg · wall_segment Stone Wall x4 |
| 24:20 | __35_Kingpin_Arg · first_building Monastery |
| 25:05 | __97_Unknown_Arg · first_building Monastery |
| 25:15 | __35_Kingpin_Arg · first_building Barracks |
| 25:24 | __35_Kingpin_Arg · wall_segment Palisade Wall x1 |
| 25:46 | __09_WAIRO_Arg · wall_segment Stone Wall x6 |
| 25:46 | __97_Unknown_Arg · first_building Barracks |
| 26:15 | Gojo · first_building Monastery |
| 26:31 | [CL] FARFANA · first_building Siege Workshop |
| 27:42 | [CL] FARFANA · first_market_sell 100 wood |
| 28:23 | _73_TruenoTierra_Arg · wall_segment Stone Wall x3 |
| 29:12 | Gojo · first_building Barracks |
| 29:31 | __97_Unknown_Arg · first_building Castle |
| 29:47 | __97_Unknown_Arg · age_up imperial |
| 30:12 | Gojo · first_building Stable |
| 30:42 | _73_TruenoTierra_Arg · age_up castle |
| 30:43 | Dr. Freezer · wall_segment Palisade Wall x1 |
| 30:45 | Dr. Freezer · wall_segment Palisade Wall x1 |
| 30:46 | Dr. Freezer · wall_segment Palisade Wall x1 |
| 30:48 | Dr. Freezer · wall_segment Palisade Wall x1 |
| 31:09 | __09_WAIRO_Arg · first_building Barracks |
| 31:47 | __35_Kingpin_Arg · first_building Siege Workshop |
| 32:11 | Gojo · wall_segment Stone Wall x1 |
| 32:12 | Gojo · wall_segment Stone Wall x1 |
| 32:14 | Gojo · wall_segment Stone Wall x1 |
| 32:23 | Gojo · age_up imperial |
| 33:20 | Gojo · wall_segment Stone Wall x6 |
| 33:37 | Gojo · first_building Archery Range |
| 34:00 | [CL] FARFANA · age_up imperial |
| 34:16 | __09_WAIRO_Arg · first_building Siege Workshop |
| 34:31 | __09_WAIRO_Arg · wall_segment Stone Wall x2 |
| 34:35 | Dr. Freezer · wall_segment Palisade Wall x1 |
| 34:36 | Dr. Freezer · wall_segment Palisade Wall x1 |
| 34:38 | Dr. Freezer · wall_segment Palisade Wall x1 |
| 34:55 | Gojo · wall_segment Stone Wall x1 |
| 34:56 | Gojo · wall_segment Stone Wall x1 |
| 35:24 | __97_Unknown_Arg · tribute_sent a jugador 1 |
| 35:24 | __97_Unknown_Arg · tribute_sent a jugador 2 |
| 35:24 | __97_Unknown_Arg · tribute_sent a jugador 3 |
| 35:24 | __97_Unknown_Arg · tribute_sent a jugador 4 |
| 35:24 | __97_Unknown_Arg · tribute_sent a jugador 5 |
| 35:24 | __97_Unknown_Arg · tribute_sent a jugador 7 |
| 35:24 | __97_Unknown_Arg · tribute_sent a jugador 8 |
| 36:43 | __09_WAIRO_Arg · age_up imperial |
| 37:15 | [CL]Jupy · first_building Barracks |
| 37:18 | Dr. Freezer · first_market_buy 100 food |
| 37:41 | [CL]Jupy · age_up imperial |
| 38:21 | [CL]Jupy · first_building Archery Range |
| 39:16 | __35_Kingpin_Arg · first_building Archery Range |
| 39:19 | __97_Unknown_Arg · tribute_sent a jugador 1 |
| 39:19 | __97_Unknown_Arg · tribute_sent a jugador 2 |
| 39:19 | __97_Unknown_Arg · tribute_sent a jugador 3 |
| 39:19 | __97_Unknown_Arg · tribute_sent a jugador 4 |
| 39:19 | __97_Unknown_Arg · tribute_sent a jugador 5 |
| 39:19 | __97_Unknown_Arg · tribute_sent a jugador 7 |
| 39:19 | __97_Unknown_Arg · tribute_sent a jugador 8 |
| 41:23 | Dr. Freezer · resign |
| 41:32 | __97_Unknown_Arg · tribute_sent a jugador 1 |
| 41:32 | __97_Unknown_Arg · tribute_sent a jugador 2 |
| 41:32 | __97_Unknown_Arg · tribute_sent a jugador 3 |
| 41:32 | __97_Unknown_Arg · tribute_sent a jugador 4 |
| 41:32 | __97_Unknown_Arg · tribute_sent a jugador 5 |
| 41:32 | __97_Unknown_Arg · tribute_sent a jugador 7 |
| 41:32 | __97_Unknown_Arg · tribute_sent a jugador 8 |
| 41:46 | __09_WAIRO_Arg · first_building Archery Range |
| 42:53 | [CL]Jupy · wall_segment Stone Wall x4 |
| 42:57 | [CL]Jupy · wall_segment Stone Wall x4 |
| 43:02 | [CL]Jupy · wall_segment Stone Wall x16 |
| 44:31 | _73_TruenoTierra_Arg · first_building Monastery |
| 44:37 | __97_Unknown_Arg · tribute_sent a jugador 1 |
| 44:37 | __97_Unknown_Arg · tribute_sent a jugador 2 |
| 44:37 | __97_Unknown_Arg · tribute_sent a jugador 3 |
| 44:37 | __97_Unknown_Arg · tribute_sent a jugador 4 |
| 44:37 | __97_Unknown_Arg · tribute_sent a jugador 5 |
| 44:37 | __97_Unknown_Arg · tribute_sent a jugador 7 |
| 44:37 | __97_Unknown_Arg · tribute_sent a jugador 8 |
| 46:00 | __97_Unknown_Arg · tribute_sent a jugador 1 |
| 46:00 | __97_Unknown_Arg · tribute_sent a jugador 2 |
| 46:00 | __97_Unknown_Arg · tribute_sent a jugador 3 |
| 46:00 | __97_Unknown_Arg · tribute_sent a jugador 4 |
| 46:00 | __97_Unknown_Arg · tribute_sent a jugador 5 |
| 46:00 | __97_Unknown_Arg · tribute_sent a jugador 7 |
| 46:00 | __97_Unknown_Arg · tribute_sent a jugador 8 |
| 46:44 | __35_Kingpin_Arg · age_up imperial |
| 48:39 | _73_TruenoTierra_Arg · age_up imperial |
| 50:28 | [CL]Jupy · tribute_sent a jugador 1 |
| 50:28 | [CL]Jupy · tribute_sent a jugador 2 |
| 50:28 | [CL]Jupy · tribute_sent a jugador 3 |
| 50:28 | [CL]Jupy · tribute_sent a jugador 4 |
| 50:28 | [CL]Jupy · tribute_sent a jugador 5 |
| 50:28 | [CL]Jupy · tribute_sent a jugador 6 |
| 50:28 | [CL]Jupy · tribute_sent a jugador 8 |
| 50:51 | Gojo · wall_segment Palisade Wall x9 |
| 51:56 | __97_Unknown_Arg · first_building Siege Workshop |
| 53:52 | [CL] FARFANA · first_building Castle |
| 55:48 | [CL]Jupy · tribute_sent a jugador 1 |
| 55:48 | [CL]Jupy · tribute_sent a jugador 2 |
| 55:48 | [CL]Jupy · tribute_sent a jugador 3 |
| 55:48 | [CL]Jupy · tribute_sent a jugador 4 |
| 55:48 | [CL]Jupy · tribute_sent a jugador 5 |
| 55:48 | [CL]Jupy · tribute_sent a jugador 6 |
| 55:48 | [CL]Jupy · tribute_sent a jugador 8 |
| 57:13 | __97_Unknown_Arg · tribute_sent a jugador 1 |
| 57:13 | __97_Unknown_Arg · tribute_sent a jugador 2 |
| 57:13 | __97_Unknown_Arg · tribute_sent a jugador 3 |
| 57:13 | __97_Unknown_Arg · tribute_sent a jugador 4 |
| 57:13 | __97_Unknown_Arg · tribute_sent a jugador 5 |
| 57:13 | __97_Unknown_Arg · tribute_sent a jugador 7 |
| 57:13 | __97_Unknown_Arg · tribute_sent a jugador 8 |
| 57:19 | [CL]Jupy · wall_segment Stone Wall x1 |
| 58:40 | _73_TruenoTierra_Arg · first_building Castle |
| 59:30 | [CL]Jupy · wall_segment Stone Wall x2 |
[ ANÁLISIS IA · 1 CRÉDITO ]
¿Qué pasó realmente en esta partida?
Wolo.gg analiza cada decisión: build order, eco, micro, errores típicos por bracket. Análisis personalizado por WhatsApp o Discord en 30 segundos.
Guía civ
Maya
Perfil
Jugador #3460005